 Dungeon Crawl Stone Soup version 0.20.1-1-g8b1a95d (webtiles) character file.

1232 gobwax the Geomancer (level 8, -8/41 HPs)
             Began as a Gargoyle Earth Elementalist on July 10, 2017.
             Killed by blast of bone shards (32 damage)
             ... on level 6 of the Dungeon.
             The game lasted 00:16:01 (4154 turns).

gobwax the Geomancer (Gargoyle Earth Elementalist)  Turns: 4154, Time: 00:16:03

Health: -8/41      AC:  8    Str: 12    XL:     8   Next: 48%
Magic:  9/17       EV: 12    Int: 18    God:
Gold:   290        SH:  0    Dex: 10    Spells: 11/20 levels left

rFire    . . .     SeeInvis .   (no weapon)
rCold    . . .     Gourm    .   (no shield)
rNeg     + . .     Faith    +   c - +0 robe
rPois    ∞         Spirit   .   (no helmet)
rElec    +         Reflect  .   j - +0 cloak
rCorr    .         Harm     .   (no gloves)
MR       .....                  (no boots)
Stlth    ++........             q - amulet of faith
Regen    0.2/turn               (no ring)
MPRegen  0.2/turn               (no ring)

@: no status effects
A: negative energy resistance 1, electricity resistance, unbreathing,
petrification resistance, rot immunity, AC +5
a: no special abilities


You were on level 6 of the Dungeon.
You were not hungry.

You visited 1 branch of the dungeon, and saw 6 of its levels.

You collected 366 gold pieces.
You spent 76 gold pieces at shops.

Inventory:

Hand Weapons
 o - a +2 dagger of venom
Missiles
 b - 66 stones (quivered)
Armour
 c - a +0 robe (worn)
 j - a +0 cloak (worn)
Jewellery
 l - a cursed amulet of inaccuracy
 q - an amulet of faith (around neck)
 C - an uncursed amulet of harm
 E - an uncursed ring of fire {unknown}
Wands
 v - a wand of flame (34/48)
Scrolls
 f - 2 scrolls of remove curse {unknown}
 i - a scroll of blinking {unknown}
 p - a scroll of teleportation {unknown}
 s - a scroll of fear {unknown}
 w - a scroll of enchant weapon {unknown}
 x - 2 scrolls of identify
 y - a scroll of enchant armour {unknown}
 B - a scroll of fog {unknown}
Potions
 a - 3 potions of heal wounds {unknown}
 k - 2 potions of invisibility {unknown}
 m - a potion of mutation {unknown}
 n - a potion of curing {unknown}
 r - a potion of berserk rage {unknown}
 t - a potion of brilliance {unknown}
 u - 2 potions of degeneration {unknown}
 z - a potion of magic {unknown}
 A - a potion of might {unknown}
Books
 e - a book of Geomancy

   Spells                             Type                      Level
   a - Sandblast                      Earth                        1
   b - Passwall                       Transmutation/Earth          2
   c - Stone Arrow                    Conjuration/Earth            3
   d - Petrify                        Transmutation/Earth          4
   e - Lee's Rapid Deconstruction     Earth                        5
Comestibles
 d - 2 bread rations
 g - 4 fruits
 h - 5 meat rations
 D - 6 chunks of flesh


   Skills:
 - Level 1.6 Dodging
 - Level 2.1 Stealth
 * Level 6.6 Spellcasting
 * Level 3.0 Conjurations
   Level 0.7 Transmutations
 * Level 8.5 Earth Magic


You had 11 spell levels left.
You knew the following spells:

 Your Spells              Type           Power        Failure   Level  Hunger
a - Sandblast             Erth           #####.       1%          1    None
b - Stone Arrow           Conj/Erth      ####..       3%          3    ##.....
c - Lee's Rapid Deconstr  Erth           #####.....   9%          5    #####..


Dungeon Overview and Level Annotations

Branches:
Dungeon (6/15)
 Temple: D:4-7

Altars:
Dithmenos

Shops:
D:4 (


Innate Abilities, Weirdness & Mutations

You are resistant to torment.
Your stone body is resilient. (AC +5)
You are immune to poison.
You resist negative energy. (rN+)
You are resistant to electric shocks. (rElec)
You can survive without breathing.
You are immune to petrification.
You are immune to rotting.


Message History

The worker ant is heavily wounded.
The worker ant twitches its antennae in your direction.
b - 66 stones The worker ant moves out of view.
A bullfrog skeleton comes into view.
The worker ant bites you but does no damage.
You see here an arrow.
Casting: Sandblast
Confirm with . or Enter, or press ? or * to list all spells.
Aiming: Lee's Rapid Deconstruction
Press: ? - help, Dir - move target cursor, f - bullfrog skeleton, p - worker ant Fragment what (e.g. wall or brittle monster)?: a bullfrog skeleton That beam is likely to hit you.
Continue anyway?
The bullfrog skeleton shatters!
You blow up the bullfrog skeleton!
The blast of bone shards hits the worker ant.
You kill the worker ant!
The blast of bone shards hits you!
Ouch! That really hurt!
You die...

#......... #.........
##......... ###
#........ #.########
#..)...
##.......###....#
####....##...(##
#....##....(#
##....#....@.##
#...######....#########
#.)## ##.....#.....#
#[## ##.(......... #)##
#......####
#.)#########...####
##..<)[.[......#
#........÷..>.#
##########....#


There were no monsters in sight!

Vanquished Creatures
  A phantom (D:5)
  An ogre (D:4)
  2 centaurs
  A bullfrog (D:6)
  2 scorpions
  3 electric eels (D:4)
  4 hounds (D:5)
  2 orc priests (D:6)
  A bullfrog skeleton (D:6)
  4 orc wizards
  4 worker ants
  A killer bee zombie (D:6)
  4 gnolls (D:5)
  4 adders
  A shadow imp (D:5)
  An ooze (D:2)
  4 worms
  2 dart slugs
  6 leopard geckos
  21 orcs
  A ball python (D:3)
  4 giant cockroaches
  6 hobgoblins
  5 jackals
  4 quokkas
  2 bats
  2 frilled lizards (D:2)
  5 goblins
  A kobold (D:3)
  3 rats
102 creatures vanquished.

Notes
Turn   | Place    | Note
-------+----------+-------------------------------------------
     0 | D:1      | gobwax the Gargoyle Earth Elementalist began the quest for the Orb.
     0 | D:1      | Reached XP level 1. HP: 10/10 MP: 3/3
   126 | D:1      | Reached skill level 4 in Earth Magic
   251 | D:1      | Reached XP level 2. HP: 15/15 MP: 3/5
   714 | D:2      | Reached XP level 3. HP: 19/19 MP: 2/6
   956 | D:2      | Reached skill level 5 in Earth Magic
   956 | D:2      | Reached XP level 4. HP: 24/24 MP: 3/8
  1147 | D:3      | Learned a level 3 spell: Stone Arrow
  1850 | D:3      | Reached XP level 5. HP: 28/28 MP: 5/9
  1867 | D:4      | Found a shadowy altar of Dithmenos.
  1908 | D:4      | Found Loaw's Weapon Boutique.
  1911 | D:4      | Bought 11 stones for 15 gold pieces
  1911 | D:4      | Bought 15 stones for 21 gold pieces
  1911 | D:4      | Bought 29 stones for 40 gold pieces
  1927 | D:4      | Found a transporter.
  1956 | D:4      | Found a transporter.
  1987 | D:4      | Reached skill level 1 in Conjurations
  2173 | D:4      | Reached skill level 6 in Earth Magic
  2177 | D:4      | Reached XP level 6. HP: 20/32 MP: 5/11
  2262 | D:4      | Learned a level 5 spell: Lee's Rapid Deconstruction
  2687 | D:4      | Reached XP level 7. HP: 19/36 MP: 0/14
  2829 | D:5      | Entered Level 5 of the Dungeon
  3220 | D:5      | Reached skill level 5 in Spellcasting
  3220 | D:5      | Reached skill level 7 in Earth Magic
  3680 | D:5      | Reached XP level 8. HP: 41/41 MP: 11/16
  3852 | D:6      | Reached skill level 8 in Earth Magic
  4154 | D:6      | Killed by blast of bone shards

Skill      XL: |  1  2  3  4  5  6  7  8 |
---------------+-------------------------+-----
Earth Magic    | 4 5 6 7 8 |  8.5
Spellcasting   | 3 4 5 6 |  6.6
Conjurations   | 1 2 3 |  3.0
Dodging        | |  1.6
Stealth        | |  2.1
Transmutations | |  0.7

Action                   |  1- 3 |  4- 6 |  7- 9 || total
-------------------------+-------+-------+-------++-------
Melee: Dagger            |       |    13 |     4 ||    17
 Cast: Sandblast         |    30 |    78 |    41 ||   149
       Stone Arrow       |       |     9 |     7 ||    16
       Lee's Rapid Decon |       |       |     6 ||     6
  Use: Scroll            |       |     2 |     1 ||     3
  Eat: Chunk             |       |     6 |     7 ||    13
Armor: Robe              |     1 |    12 |     9 ||    22
Dodge: Dodged            |     5 |    26 |    14 ||    45
